Map: Catalyst LE

Players

Reia

  • Race: Zerg Zerg
  • League: Diamond
  • Spawn Location: 5:00

Monte - Winner!

  • Race: Protoss Protoss
  • League: Diamond
  • Spawn Location: 11:00

VOD

Have the link to the VOD?

Description

I'm Reia, the Zerg. Warning, violent graphical scenes involving psionic storm and dead bugs. Viewer discretion is advised.

Time

  • Played on: April 29, 2018, 1:02 a.m.
  • Length: 20:12
Show
View Real Time Build Order
Export as new Build Order

Reia Zerg 

Build Orders: Hatch First, Lurkers 

Get SALT Encoding   

  12  0:01  Drone  
  13  0:12  Overlord  
  13  0:18  Drone  
  14  0:31  Drone x2  
  16  0:51  Hatchery  
  16  0:53  Drone  
  16  0:58  Drone  
  16  1:01  Drone  
  18  1:10  Drone  
  19  1:12  Extractor  
  18  1:26  Spawning Pool  
  18  1:27  Drone  
  18  1:29  Drone  
  19  1:39  Overlord  
  19  2:13  Zergling x4  
  22  2:15  Drone x2  
  22  2:16  Drone, Queen x2  
  22  2:18  Metabolic Boost  
  28  2:27  Drone x2  
  30  2:47  Drone  
  31  2:52  Drone x2  
  31  2:54  Hatchery  
  32  3:02  Drone x3  
  35  3:10  Overlord  
  35  3:11  Overlord  
  35  3:24  Drone  
  36  3:28  Queen  
  38  3:38  Drone, Roach Warren  
  38  3:40  Drone  
  38  3:41  Drone x5  
  44  3:51  Spore Crawler  
  44  3:53  Spore Crawler  
  42  3:55  Zergling x4  
  42  3:56  Zergling x2  
  42  4:00  Pneumatized Carapace  
  43  4:12  Drone x6  
  43  4:13  Drone  
  43  4:14  Overlord  
  50  4:28  Spore Crawler  
  49  4:33  Lair  
  49  4:35  Drone  
  50  4:42  Extractor  
  50  4:45  Drone x3  
  51  4:47  Drone x3, Evolution Chamber  
  51  4:48  Drone x3  
  51  4:49  Evolution Chamber  
  51  4:50  Drone x2  
  58  4:53  Extractor  
  58  4:54  Extractor  
  56  5:01  Queen  
  56  5:07  Overlord x4  
  58  5:16  Zerg Missile Weapons Level 1  
  58  5:25  Zerg Melee Weapons Level 1  
  58  5:44  Drone x3  
  58  5:49  Hydralisk Den  
  61  5:50  Drone x14  
  74  6:16  Extractor  
  73  6:20  Extractor  
  72  6:25  Hydralisk  
  72  6:26  Hydralisk x4  
  72  6:31  Overlord x2, Hatchery, Grooved Spines  
  72  6:32  Overlord x5  
  80  6:54  Hydralisk x4  
  80  6:55  Hydralisk x6  
  100  7:12  Hydralisk x4  
  108  7:20  Drone  
  108  7:21  Drone x3  
  108  7:22  Drone  
  113  7:28  Zerg Missile Weapons Level 2  
  113  7:39  Hydralisk  
  113  7:40  Hydralisk x2  
  113  7:42  Muscular Augments  
  119  7:53  Lurker Den  
  118  7:59  Hydralisk x3  
  124  8:12  Hydralisk x4  
  126  8:16  Overseer  
  126  8:18  Overseer  
  132  8:20  Hydralisk  
  132  8:24  Zergling x2  
  132  8:26  Overlord  
  132  8:27  Overlord x4  
  135  8:37  Zerg Melee Weapons Level 2  
  135  8:46  Drone  
  135  8:47  Drone x7  
  135  8:48  Drone  
  144  8:58  Infestation Pit  
  144  8:59  Hydralisk  
  144  9:00  Hydralisk x6  
  157  9:10  Queen  
  159  9:30  Hydralisk x8  
  175  9:32  Overlord x4  
  175  9:33  Overlord x2  
  175  9:51  Lurker x2  
  175  9:52  Lurker x3  
  180  9:59  Extractor  
  179  10:01  Extractor  
  179  10:02  Drone  
  179  10:03  Drone x2  
  179  10:04  Drone x3  
  184  10:17  Hydralisk  
  184  10:18  Hydralisk x6  
  147  10:50  Hydralisk x8  
  147  10:51  Hydralisk x5  
  163  11:03  Hydralisk x6  
  145  11:15  Hydralisk  
  145  11:16  Hydralisk x4  
  134  11:28  Overseer  
  134  11:29  Overseer  
  134  11:30  Overseer  
  134  11:32  Hydralisk x4  
  142  11:48  Lair  
  142  11:49  Extractor  
  142  11:50  Hatchery  
  140  11:56  Extractor, Hydralisk x4  
  140  11:57  Hydralisk x5  
  157  12:04  Lurker  
  158  12:10  Drone x3  
  158  12:11  Drone x3  
  158  12:15  Hydralisk x6  
  166  12:20  Zergling x10  
  181  12:44  Spire  
  168  13:04  Hydralisk  
  168  13:05  Hydralisk x17  
  149  13:15  Hydralisk  
  149  13:16  Hydralisk x5  
  136  13:48  Hydralisk x4  
  136  13:49  Hydralisk x13  
  136  13:52  Overlord x4  
  136  13:54  Overseer  
  170  13:56  Overseer x3  
  169  14:06  Hydralisk  
  169  14:07  Hydralisk x5  
  181  14:15  Corruptor x2  
  185  14:17  Corruptor  
  187  14:28  Zerg Flyer Armor Level 1  
  187  14:40  Corruptor  
  187  14:41  Corruptor x3  
  187  14:45  Lurker  
  196  15:02  Corruptor x2  
  132  15:29  Hydralisk x12  
  132  15:30  Hydralisk x8  
  135  15:39  Corruptor  
  135  15:40  Corruptor  
  133  15:58  Corruptor  
  133  15:59  Corruptor x3  
  141  16:12  Hydralisk  
  141  16:13  Corruptor x3, Hydralisk  
  141  16:18  Extractor, Hatchery  
  150  16:20  Extractor  
  150  16:25  Hive  
  148  16:48  Infestor x4  
  148  16:54  Pathogen Glands  
  156  17:09  Zergling x4  
  158  17:19  Overlord x4  
  158  17:26  Infestor x5  
  168  17:31  Hydralisk  
  168  17:32  Hydralisk x3  
  176  17:38  Hydralisk  
  176  17:39  Hydralisk x2  
  173  17:52  Infestor, Corruptor  
  173  17:53  Infestor  
  126  18:10  Corruptor x4  
  126  18:11  Hydralisk x2  
  118  18:25  Corruptor x2  
  118  18:26  Corruptor  
  103  18:38  Corruptor x3  
  98  18:55  Corruptor  
  98  18:56  Corruptor x3  
  104  19:05  Hydralisk  
  104  19:06  Hydralisk x2  
  87  19:27  Hydralisk  
Show
View Real Time Build Order
Export as new Build Order

Monte Protoss - Winner!

Build Orders: 1 Gate Expand, Oracle Opening, Phoenix Opening 

Get SALT Encoding   

  12  0:01  Probe  
  13  0:13  Probe  
  14  0:20  Pylon  
  14  0:25  Probe  
  15  0:38  Probe  
  16  0:43  Gateway  
  16  0:47  Probe  
  16  0:55  Assimilator, Probe  
  18  1:05  Probe  
  19  1:17  Probe  
  20  1:36  Nexus  
  20  1:39  Cybernetics Core  
  20  1:48  Probe  
  20  1:49  Pylon  
  20  1:52  Assimilator  
  21  2:00  Probe  
  22  2:12  Probe  
  23  2:16  Adept  
  25  2:25  Probe  
  26  2:36  Stargate  
  26  2:37  Probe  
  26  2:49  Probe  
  26  2:50  Gateway  
  26  2:51  Probe  
  28  2:52  Pylon  
  28  3:00  Warp Gate  
  28  3:01  Probe  
  28  3:03  Probe  
  30  3:07  Adept  
  30  3:13  Probe  
  30  3:14  Phoenix  
  30  3:15  Probe  
  34  3:25  Probe  
  37  3:32  Probe  
  38  3:36  Pylon  
  38  3:37  Oracle, Probe  
  42  3:44  Probe  
  43  3:49  Gateway  
  43  3:51  Probe  
  44  3:59  Probe  
  45  4:03  Probe  
  45  4:06  Shield Battery  
  47  4:24  Probe x2  
  46  4:36  Probe x2  
  48  4:39  Assimilator  
  48  4:40  Assimilator, Pylon  
  48  4:46  Twilight Council  
  48  4:48  Probe  
  48  4:49  Robotics Facility  
  48  4:52  Probe  
  50  4:54  Pylon  
  50  5:00  Probe  
  52  5:07  Probe  
  52  5:14  Probe  
  53  5:24  Templar Archives  
  53  5:25  Nexus, Pylon  
  53  5:39  Probe x2  
  55  5:51  Probe  
  55  5:52  Probe  
  55  5:53  Immortal  
  57  5:58  Zealot  
  57  5:59  Zealot x2  
  57  6:00  Psionic Storm  
  57  6:01  Charge  
  57  6:03  Probe  
  68  6:16  Probe  
  68  6:17  Pylon  
  69  6:18  Pylon  
  69  6:19  High Templar  
  69  6:20  High Templar, Zealot, Robotics Facility  
  69  6:22  Probe  
  69  6:24  Pylon  
  76  6:28  Shield Battery, Probe  
  76  6:31  Immortal  
  77  6:34  Probe  
  77  6:35  Pylon  
  77  6:38  Probe  
  79  6:41  Probe  
  79  6:45  Zealot  
  79  6:46  Probe  
  87  6:52  Gateway  
  87  6:53  Probe  
  88  6:55  Gateway  
  88  6:56  Gateway  
  88  6:57  High Templar x2  
  88  6:58  Immortal  
  88  7:01  Probe  
  93  7:06  Immortal  
  97  7:18  Probe x3  
  97  7:19  Zealot  
  106  7:22  Assimilator  
  106  7:24  Assimilator  
  106  7:26  Gateway  
  106  7:27  Forge  
  106  7:30  Probe x2  
  106  7:32  Pylon  
  106  7:35  High Templar  
  106  7:37  Zealot  
  112  7:39  Probe  
  112  7:42  Immortal  
  117  7:44  Observer  
  117  7:50  Pylon  
  118  7:56  Gateway  
  118  7:58  Gateway  
  118  8:01  Probe  
  119  8:08  Probe  
  120  8:13  Probe, Photon Cannon  
  120  8:15  Shield Battery  
  120  8:16  Pylon  
  119  8:20  Zealot x3  
  119  8:21  Zealot  
  119  8:22  Zealot x2  
  119  8:26  Immortal  
  131  8:27  Probe  
  131  8:28  Observer  
  131  8:31  Probe  
  134  8:37  Protoss Ground Weapons Level 1  
  134  8:40  Probe  
  139  8:42  High Templar  
  139  8:43  High Templar x3  
  139  8:44  Zealot x2  
  139  8:47  Archon x2  
  151  8:54  Probe  
  152  8:58  Pylon  
  152  8:59  Probe  
  152  9:00  Pylon  
  153  9:04  Probe  
  153  9:09  Stargate  
  151  9:11  Gateway  
  151  9:15  Fleet Beacon  
  151  9:17  Probe x2  
  152  9:18  Probe  
  152  9:20  Immortal  
  154  9:24  Observer  
  154  9:25  Zealot x3  
  154  9:26  Zealot  
  167  9:32  Nexus  
  167  9:34  Pylon  
  167  9:35  Pylon, Probe  
  168  9:50  High Templar  
  168  9:51  High Templar  
  172  9:53  Carrier, Probe  
  172  9:57  Pylon  
  172  9:59  Pylon  
  179  10:08  Graviton Catapult  
  179  10:11  Assimilator  
  179  10:13  Assimilator  
  179  10:15  Shield Battery  
  179  10:17  Photon Cannon  
  179  10:18  Photon Cannon  
  179  10:19  Probe x2  
  179  10:20  Gateway  
  181  10:22  Pylon  
  181  10:24  Pylon, Void Ray  
  181  10:25  Photon Cannon  
  181  10:26  Pylon  
  181  10:29  Gateway  
  181  10:31  Observer, Probe  
  181  10:32  Pylon  
  186  10:38  Observer  
  147  10:58  Zealot x3  
  147  10:59  Zealot x2  
  147  11:00  Zealot  
  147  11:01  Zealot x2  
  163  11:11  Carrier  
  151  11:12  Carrier  
  151  11:15  Observer x2  
  151  11:28  Probe  
  151  11:30  Probe  
  165  11:33  Observer x2, Probe  
  165  11:38  Gateway  
  168  11:41  Probe  
  168  11:43  High Templar x3, Pylon  
  175  11:58  Protoss Ground Weapons Level 2  
  175  12:03  Probe  
  176  12:08  Protoss Air Weapons Level 1  
  176  12:11  Pylon  
  176  12:12  Pylon  
  176  12:14  Pylon  
  176  12:15  Probe, Pylon  
  177  12:16  Forge  
  177  12:22  Pylon, Carrier x2  
  177  12:27  Probe  
  177  12:29  Pylon  
  178  12:33  Pylon  
  178  12:34  Probe  
  179  12:42  Pylon  
  191  12:51  Pylon  
  167  13:16  Zealot  
  167  13:17  Zealot x2  
  167  13:18  Zealot x2  
  167  13:19  Zealot  
  163  13:20  Zealot  
  163  13:21  Zealot x5  
  175  13:27  Probe  
  175  13:28  Probe  
  175  13:32  Carrier x2  
  177  13:35  Probe  
  177  13:36  Probe  
  177  13:41  Protoss Ground Armor Level 1, Stargate  
  191  13:58  Pylon, Stargate  
  191  14:00  High Templar x4  
  191  14:01  Stargate  
  199  14:04  Nexus, Archon x2  
  199  14:24  Pylon, Photon Cannon  
  199  14:25  Photon Cannon  
  199  14:34  Probe  
  200  14:51  Shield Battery, Photon Cannon  
  200  14:53  Photon Cannon  
  200  14:56  Photon Cannon  
  200  14:58  Photon Cannon  
  200  15:16  Carrier  
  200  15:17  Carrier x2  
  200  15:18  Carrier  
  195  15:53  Assimilator  
  195  15:55  Protoss Ground Weapons Level 3, Assimilator  
  195  15:58  Protoss Shields Level 1  
  195  16:11  Protoss Air Armor Level 1  
  195  16:29  Cybernetics Core  
  195  16:44  Pylon  
  195  16:49  Pylon  
  195  16:53  Pylon  
  195  17:01  Protoss Air Weapons Level 2  
  195  17:20  Pylon  
  195  17:22  Pylon  
  195  17:30  Stargate  
  181  18:09  Archon x2  
  181  18:10  Archon  
  175  18:13  Carrier x2  
  175  18:14  Carrier  
  175  18:16  Carrier  
  194  19:02  Probe  
  194  19:03  Probe  
  195  19:28  Zealot x2  
  197  19:47  Probe  
Tags
 
Add a new tag
Caveats
  • Supply blocks, unpowered buildings, or Contaminate may cause inaccurate times.
  • Supply counts are checked every 10 seconds.